TOP OF THE 1ST |
South Beach Blaze batting - Pitching for Gwinnett County Black Cats : LHP Unto Leino
|
Pitching: LHP Unto Leino
|
|
Batting: RHB Harlan Peppers
|
0-0: Ground out 6-3 (Groundball, 6)
|
Batting: RHB Greg Schiff
|
0-0: Ball 1-0: Ball 2-0: Ground out 6-3 (Groundball, 6)
|
Batting: LHB Raymond Graham
|
0-0: Ball 1-0: Foul Ball, location: 2F 1-1: Ball 2-1: Called Strike 2-2: Foul Ball, location: 2F 2-2: DOUBLE (Line Drive, 89D)
|
Batting: RHB Fortunato Rasquinha
|
0-0: Ball 1-0: Fly out, F9 (Flyball, 9S)
|
Top of the 1st over - 0 runs, 1 hit, 0 errors, 1 left on base; South Beach 0 - Gwinnett County 0 |
BOTTOM OF THE 1ST |
Gwinnett County Black Cats batting - Pitching for South Beach Blaze : RHP Shalom Levasier
|
Pitching: RHP Shalom Levasier
|
|
Batting: RHB Sidney Mackell
|
0-0: Called Strike 0-1: SINGLE (Line Drive, 89S)
|
Batting: LHB Ramón Vega
|
0-0: Called Strike 0-1: Foul Ball, location: 2F 0-2: Ball 1-2: Grounds into double play, 6-4-3 (Groundball, 6)
|
Batting: LHB Víctor Sánchez
|
0-0: Called Strike 0-1: Swinging Strike 0-2: Ball 1-2: Ball 2-2: Ball 3-2: Fly out, F9 (Flyball, 9D)
|
Bottom of the 1st over - 0 runs, 1 hit, 0 errors, 0 left on base; South Beach 0 - Gwinnett County 0 |
TOP OF THE 2ND |
South Beach Blaze batting - Pitching for Gwinnett County Black Cats : LHP Unto Leino
|
Batting: RHB Daniel Bertrand
|
0-0: Called Strike 0-1: Ball 1-1: Ball 2-1: SINGLE (Flyball, 89M)
|
Batting: RHB Yu-shu Kang
|
0-0: Swinging Strike 0-1: Swinging Strike 0-2: Fielders Choice at 2nd, 6-4 (Groundball, 6)
|
Batting: SHB Serious Lee
|
0-0: Ball 1-0: Ball 2-0: Ball 3-0: Called Strike 3-1: Foul Ball, location: 2F 3-2: SINGLE (Groundball, 34) (infield hit) Yu-shu Kang to second
|
Batting: LHB Marcel Escoda
|
0-0: Ball 1-0: Fielders Choice at 2nd, 6-4 (Groundball, 6) Yu-shu Kang to third
|
Batting: RHB Ed Bowers
|
0-0: Ball 1-0: Foul Ball, location: 2F 1-1: Ball 2-1: Ball 3-1: Foul Ball, location: 2F 3-2: Base on Balls Marcel Escoda to second
|
Batting: RHB Harlan Peppers
|
0-0: Ball 1-0: Ball 2-0: Ball 3-0: Base on Balls Yu-shu Kang scores Marcel Escoda to third Ed Bowers to second
|
Batting: RHB Greg Schiff
|
0-0: Ball 1-0: Called Strike 1-1: Foul Ball, location: 2F 1-2: Ball 2-2: Ball 3-2: Foul Ball, location: 2F 3-2: Foul Ball, location: 2F 3-2: Base on Balls Marcel Escoda scores Ed Bowers to third Harlan Peppers to second
|
Batting: LHB Raymond Graham
|
0-0: Called Strike 0-1: Ball 1-1: Ball 2-1: Foul Ball, location: 2F 2-2: SINGLE (Groundball, 34D) Ed Bowers scores Harlan Peppers to third Greg Schiff to second Runner from 3rd tries for Home, SAFE, no throw
|
Batting: RHB Fortunato Rasquinha
|
0-0: Ball 1-0: Called Strike 1-1: Swinging Strike 1-2: Foul Ball, location: 2F 1-2: DOUBLE (Groundball, 5L) Greg Schiff scores Raymond Graham to third Runner from 3rd tries for Home, SAFE, no throw
|
Batting: RHB Daniel Bertrand
|
0-0: Ball 1-0: Called Strike 1-1: Foul Ball, location: 2F 1-2: Foul Ball, location: 2F 1-2: Foul Ball, location: 2F 1-2: Ball 2-2: Ball 3-2: Base on Balls
|
Batting: RHB Yu-shu Kang
|
0-0: Fielders Choice at 2nd, 5-4 (Groundball, 56)
|
Top of the 2nd over - 6 runs, 4 hits, 0 errors, 2 left on base; South Beach 6 - Gwinnett County 0 |
BOTTOM OF THE 2ND |
Gwinnett County Black Cats batting - Pitching for South Beach Blaze : RHP Shalom Levasier
|
Batting: RHB Kauna Aleferede
|
0-0: Ball 1-0: Swinging Strike 1-1: Foul Ball, location: 2F 1-2: Ball 2-2: Fly out, F8 (Flyball, 8LS)
|
Batting: LHB Marvello Obra
|
0-0: Fly out, F8 (Flyball, 8LM)
|
Batting: RHB Chang-lit Min
|
0-0: Ball 1-0: Ball 2-0: TRIPLE (Flyball, 78XD)
|
Batting: RHB Rikky van Opel
|
0-0: Swinging Strike 0-1: Ball 1-1: Ball 2-1: SINGLE (Flyball, 89M) Chang-lit Min scores
|
Batting: RHB Elder Sarrano
|
0-0: Foul Ball, location: 2F 0-1: Fielders Choice at 2nd, U6 (Groundball, 6M)
|
Bottom of the 2nd over - 1 run, 2 hits, 0 errors, 1 left on base; South Beach 6 - Gwinnett County 1 |
TOP OF THE 3RD |
South Beach Blaze batting - Pitching for Gwinnett County Black Cats : LHP Unto Leino
|
Batting: SHB Serious Lee
|
0-0: Foul Ball, location: 2F 0-1: Swinging Strike 0-2: Strikes out looking
|
Batting: LHB Marcel Escoda
|
0-0: SINGLE (Line Drive, 8LS)
|
Batting: RHB Ed Bowers
|
0-0: Called Strike 0-1: Ball 1-1: Ball 2-1: Foul Ball, location: 2F 2-2: Ball 3-2: Foul Ball, location: 2F 3-2: Base on Balls Marcel Escoda to second
|
Pitching: RHP Mike Huffman
|
|
Batting: RHB Harlan Peppers
|
0-0: Foul Ball, location: 2F 0-1: Ball 1-1: Swinging Strike 1-2: Foul Ball, location: 2F 1-2: Ball 2-2: Foul Ball, location: 2F 2-2: Fly out, F7 (Line Drive, 7)
|
Batting: RHB Greg Schiff
|
0-0: Swinging Strike 0-1: SINGLE (Groundball, 56D) Marcel Escoda to third Ed Bowers to second Runner from 3rd tries for Home, SAFE, no throw
|
Batting: LHB Raymond Graham
|
0-0: Ball 1-0: Foul Ball, location: 2F 1-1: Called Strike 1-2: SINGLE (Groundball, 6) (infield hit) Ed Bowers to third Greg Schiff to second
|
Batting: RHB Fortunato Rasquinha
|
0-0: Ball 1-0: Ball 2-0: Called Strike 2-1: SINGLE (Line Drive, 9LS) Ed Bowers scores Greg Schiff to third Raymond Graham to second
|
Batting: RHB Daniel Bertrand
|
0-0: Fly out, F7 (Flyball, 7S)
|
Top of the 3rd over - 2 runs, 4 hits, 0 errors, 3 left on base; South Beach 8 - Gwinnett County 1 |
BOTTOM OF THE 3RD |
Gwinnett County Black Cats batting - Pitching for South Beach Blaze : RHP Shalom Levasier
|
Batting: RHB José García
|
0-0: SINGLE (Line Drive, 4MD)
|
Batting: RHB Sidney Mackell
|
0-0: Called Strike 0-1: Ball 1-1: Foul Ball, location: 2F 1-2: Foul Ball, location: 2F 1-2: Fielders Choice at 2nd, 6-4 (Groundball, 6)
|
Batting: LHB Ramón Vega
|
0-0: Ball 1-0: Called Strike 1-1: Ball Sidney Mackell steals 2nd base 2-1: Foul Ball, location: 2F 2-2: Fly out, F5 (Popup, 5)
|
Batting: LHB Víctor Sánchez
|
0-0: Ball 1-0: Ball 2-0: Ball 3-0: Base on Balls
|
Batting: RHB Kauna Aleferede
|
0-0: Ball 1-0: SINGLE (Line Drive, 8LS) Sidney Mackell to third Víctor Sánchez to second Runner from 3rd tries for Home, SAFE, no throw
|
Batting: LHB Marvello Obra
|
0-0: Called Strike 0-1: Ball 1-1: Ball 2-1: Swinging Strike 2-2: DOUBLE (Flyball, 8RXD) Víctor Sánchez scores Kauna Aleferede to third
|
Batting: RHB Chang-lit Min
|
0-0: Called Strike 0-1: Swinging Strike 0-2: Ball 1-2: Ball 2-2: Fly out, F4 (Popup, 4D)
|
Bottom of the 3rd over - 2 runs, 3 hits, 0 errors, 2 left on base; South Beach 8 - Gwinnett County 3 |
TOP OF THE 4TH |
South Beach Blaze batting - Pitching for Gwinnett County Black Cats : RHP Mike Huffman
|
Batting: RHB Yu-shu Kang
|
0-0: Ball 1-0: Swinging Strike 1-1: SINGLE (Groundball, 4S) (infield hit)
|
Batting: SHB Serious Lee
|
0-0: Ball 1-0: Reached on error, E6 (Popup, 56) Yu-shu Kang to second
|
Batting: LHB Marcel Escoda
|
0-0: Foul Ball, location: 2F 0-1: Foul Ball, location: 2F 0-2: Fielders Choice at 2nd, 3-6 (Groundball, 3) Yu-shu Kang to third
|
Batting: RHB Ed Bowers
|
0-0: Ball 1-0: Ball Wild Pitch! Yu-shu Kang scores Marcel Escoda to second 2-0: Called Strike 2-1: Foul Ball, location: 2F 2-2: Foul Ball, location: 2F 2-2: Foul Ball, location: 2F 2-2: Ball 3-2: Base on Balls
|
Batting: RHB Harlan Peppers
|
0-0: Ball 1-0: Swinging Strike 1-1: Swinging Strike 1-2: Ground out 3-1 (Groundball, 34S) Marcel Escoda to third Ed Bowers to second
|
Batting: RHB Greg Schiff
|
0-0: Called Strike 0-1: SINGLE (Groundball, 6MD) Marcel Escoda scores Ed Bowers to third Runner from 3rd tries for Home, SAFE, no throw
|
Batting: LHB Raymond Graham
|
0-0: Called Strike 0-1: Called Strike 0-2: Ball 1-2: Foul Ball, location: 2F 1-2: Ground out 3-1 (Groundball, 34)
|
Top of the 4th over - 3 runs, 2 hits, 1 error, 1 left on base; South Beach 11 - Gwinnett County 3 |
BOTTOM OF THE 4TH |
Gwinnett County Black Cats batting - Pitching for South Beach Blaze : RHP Shalom Levasier
|
Batting: RHB Rikky van Opel
|
0-0: Ball 1-0: Called Strike 1-1: SINGLE (Groundball, 34S) (infield hit)
|
Batting: RHB Elder Sarrano
|
0-0: Called Strike 0-1: Ball 1-1: Swinging Strike 1-2: Strikes out swinging
|
Batting: RHB José García
|
0-0: Ball 1-0: Ball 2-0: Called Strike 2-1: Ball 3-1: Fly out, F8 (Flyball, 89M)
|
Batting: RHB Sidney Mackell
|
0-0: Called Strike 0-1: Ball 1-1: Foul Ball, location: 2F 1-2: SINGLE (Groundball, 6MD) Rikky van Opel to second
|
Batting: LHB Ramón Vega
|
0-0: Ball 1-0: Ball 2-0: Ball 3-0: Called Strike 3-1: Called Strike 3-2: Ground out 6-3 (Groundball, 56)
|
Bottom of the 4th over - 0 runs, 2 hits, 0 errors, 2 left on base; South Beach 11 - Gwinnett County 3 |
TOP OF THE 5TH |
South Beach Blaze batting - Pitching for Gwinnett County Black Cats : RHP Mike Huffman
|
Batting: RHB Fortunato Rasquinha
|
0-0: Fly out, F7 (Line Drive, 7D)
|
Batting: RHB Daniel Bertrand
|
0-0: Called Strike 0-1: Ball 1-1: Foul Ball, location: 2F 1-2: Fly out, F8 (Flyball, 8LM)
|
Batting: RHB Yu-shu Kang
|
0-0: Ball 1-0: Called Strike 1-1: Swinging Strike 1-2: DOUBLE (Line Drive, 78D)
|
Batting: SHB Serious Lee
|
0-0: Ground out 5-3 (Groundball, 56)
|
Top of the 5th over - 0 runs, 1 hit, 0 errors, 1 left on base; South Beach 11 - Gwinnett County 3 |
BOTTOM OF THE 5TH |
Gwinnett County Black Cats batting - Pitching for South Beach Blaze : RHP Shalom Levasier
|
Batting: LHB Víctor Sánchez
|
0-0: Ball 1-0: Ball 2-0: Called Strike 2-1: Called Strike 2-2: Strikes out swinging
|
Batting: RHB Kauna Aleferede
|
0-0: Ball 1-0: DOUBLE (Groundball, 5L)
|
Batting: LHB Marvello Obra
|
0-0: Called Strike 0-1: Ball 1-1: Ball 2-1: Ground out U3 (Groundball, 3L) Kauna Aleferede to third
|
Batting: RHB Chang-lit Min
|
0-0: Called Strike 0-1: Ball 1-1: Ball 2-1: Called Strike 2-2: SINGLE (Groundball, 4MD) Kauna Aleferede scores
|
Batting: RHB Rikky van Opel
|
0-0: Called Strike 0-1: Called Strike 0-2: Ball 1-2: Strikes out swinging
|
Bottom of the 5th over - 1 run, 2 hits, 0 errors, 1 left on base; South Beach 11 - Gwinnett County 4 |
TOP OF THE 6TH |
South Beach Blaze batting - Pitching for Gwinnett County Black Cats : RHP Mike Huffman
|
Batting: LHB Marcel Escoda
|
0-0: Ball 1-0: Ground out 6-3 (Groundball, 6MS)
|
Batting: RHB Ed Bowers
|
0-0: Ball 1-0: Ground out U3 (Groundball, 34)
|
Batting: RHB Harlan Peppers
|
0-0: Ball 1-0: Foul Ball, location: 2F 1-1: Ball 2-1: Foul Ball, location: 2F 2-2: Fly out, F8 (Flyball, 8LD)
|
Top of the 6th over - 0 runs, 0 hits, 0 errors, 0 left on base; South Beach 11 - Gwinnett County 4 |
BOTTOM OF THE 6TH |
Gwinnett County Black Cats batting - Pitching for South Beach Blaze : RHP Shalom Levasier
|
Batting: RHB Elder Sarrano
|
0-0: SINGLE (Line Drive, 56D)
|
Batting: RHB José García
|
0-0: Ball 1-0: Grounds into double play, 4-6-3 (Groundball, 4)
|
Batting: RHB Sidney Mackell
|
0-0: Swinging Strike 0-1: Foul Ball, location: 2F 0-2: Strikes out swinging
|
Bottom of the 6th over - 0 runs, 1 hit, 0 errors, 0 left on base; South Beach 11 - Gwinnett County 4 |
TOP OF THE 7TH |
South Beach Blaze batting - Pitching for Gwinnett County Black Cats : RHP Mike Huffman
|
Batting: RHB Greg Schiff
|
0-0: Ball 1-0: Ball 2-0: Called Strike 2-1: Foul Ball, location: 2F 2-2: SINGLE (Groundball, 56S) (infield hit)
|
Pitching: RHP Javier Rivera
|
|
Batting: LHB Raymond Graham
|
0-0: Ball 1-0: Ball 2-0: Foul Ball, location: 2F 2-1: Ball 3-1: Fly out, F9 (Flyball, 9)
|
Batting: RHB Fortunato Rasquinha
|
0-0: Ball 1-0: Ball 2-0: Called Strike 2-1: Ball 3-1: Foul Ball, location: 2F 3-2: Fly out, F8 (Flyball, 8LD)
|
Batting: RHB Daniel Bertrand
|
0-0: Called Strike 0-1: Foul Ball, location: 2F 0-2: Ball 1-2: Ball Greg Schiff is caught stealing 2nd base
|
Top of the 7th over - 0 runs, 1 hit, 0 errors, 0 left on base; South Beach 11 - Gwinnett County 4 |
BOTTOM OF THE 7TH |
Gwinnett County Black Cats batting - Pitching for South Beach Blaze : RHP Shalom Levasier
|
Batting: LHB Ramón Vega
|
0-0: Swinging Strike 0-1: Ball 1-1: Foul Ball, location: 2F 1-2: Ball 2-2: Ground out 5-3 (Groundball, 56S)
|
Batting: LHB Víctor Sánchez
|
0-0: Ball 1-0: Fly out, F8 (Flyball, 8LM)
|
Batting: RHB Kauna Aleferede
|
0-0: Ball 1-0: Ball 2-0: Ball 3-0: Called Strike 3-1: Called Strike 3-2: Ground out 3-1 (Groundball, 34S)
|
Bottom of the 7th over - 0 runs, 0 hits, 0 errors, 0 left on base; South Beach 11 - Gwinnett County 4 |
TOP OF THE 8TH |
South Beach Blaze batting - Pitching for Gwinnett County Black Cats : RHP Javier Rivera
|
Batting: RHB Daniel Bertrand
|
0-0: Swinging Strike 0-1: Ball 1-1: Ball 2-1: Foul Ball, location: 2F 2-2: Ball 3-2: Base on Balls
|
Batting: RHB Yu-shu Kang
|
0-0: Ball 1-0: Called Strike 1-1: Ball 2-1: Called Strike 2-2: Ball 3-2: Ground out 5-3 (Groundball, 5L) Daniel Bertrand to second
|
Batting: SHB Serious Lee
|
0-0: Called Strike 0-1: Foul Ball, location: 2F 0-2: Foul Ball, location: 2F 0-2: Strikes out swinging
|
Batting: LHB Marcel Escoda
|
0-0: Called Strike 0-1: Swinging Strike 0-2: SINGLE (Line Drive, 4MD) Daniel Bertrand to third Runner from 3rd tries for Home, SAFE, no throw
|
Batting: RHB Ed Bowers
|
0-0: Swinging Strike 0-1: Swinging Strike 0-2: Foul Ball, location: 2F 0-2: Foul Ball, location: 2F 0-2: Ball Wild Pitch! Marcel Escoda to second 1-2: Fly out, F9 (Flyball, 9)
|
Top of the 8th over - 1 run, 1 hit, 0 errors, 1 left on base; South Beach 12 - Gwinnett County 4 |
BOTTOM OF THE 8TH |
Gwinnett County Black Cats batting - Pitching for South Beach Blaze : RHP Shalom Levasier
|
Pitching: RHP Tony Sánchez
|
|
Batting: LHB Marvello Obra
|
0-0: Ball 1-0: Ball 2-0: Foul Ball, location: 2F 2-1: Foul Ball, location: 2F 2-2: Foul Ball, location: 2F 2-2: Ball 3-2: Fly out, F9 (Flyball, 9LMF)
|
Batting: RHB Chang-lit Min
|
0-0: Ball 1-0: Foul Ball, location: 2F 1-1: Ball 2-1: Ball 3-1: Base on Balls
|
Batting: RHB Rikky van Opel
|
0-0: Called Strike 0-1: Ball 1-1: SINGLE (Groundball, 56D) Chang-lit Min to second
|
Pitching: RHP Rizal Velasco
|
|
Pinch Hitting: RHB Matt Jeong
|
0-0: Ball 1-0: Ball 2-0: Ball 3-0: Base on Balls Chang-lit Min to third Rikky van Opel to second
|
Batting: RHB José García
|
0-0: Swinging Strike 0-1: Ball 1-1: Ball 2-1: Fielders Choice at 2nd, 3-6 (Groundball, 3) Chang-lit Min scores Rikky van Opel to third
|
Batting: RHB Sidney Mackell
|
0-0: Ball 1-0: Foul Ball, location: 2F 1-1: Fielders Choice at 2nd, 5-4 (Groundball, 5)
|
Bottom of the 8th over - 1 run, 1 hit, 0 errors, 2 left on base; South Beach 12 - Gwinnett County 5 |
TOP OF THE 9TH |
South Beach Blaze batting - Pitching for Gwinnett County Black Cats : RHP Javier Rivera
|
Now in RF: Matt Jeong
|
|
Batting: RHB Harlan Peppers
|
0-0: Swinging Strike 0-1: Foul Ball, location: 2F 0-2: Ball 1-2: Strikes out swinging
|
Batting: RHB Greg Schiff
|
0-0: Called Strike 0-1: Ball 1-1: SINGLE (Groundball, 6S) (infield hit)
|
Batting: LHB Raymond Graham
|
0-0: Foul Ball, location: 2F 0-1: Ball 1-1: Ball 2-1: Swinging Strike 2-2: Strikes out swinging
|
Batting: RHB Fortunato Rasquinha
|
0-0: Ball 1-0: Fly out, F7 (Flyball, 78S)
|
Top of the 9th over - 0 runs, 1 hit, 0 errors, 1 left on base; South Beach 12 - Gwinnett County 5 |
BOTTOM OF THE 9TH |
Gwinnett County Black Cats batting - Pitching for South Beach Blaze : RHP Rizal Velasco
|
Batting: LHB Ramón Vega
|
0-0: Ball 1-0: Ball 2-0: Foul Ball, location: 2F 2-1: Ball 3-1: Base on Balls
|
Batting: LHB Víctor Sánchez
|
0-0: Foul Ball, location: 2F 0-1: Grounds into double play, 6-4-3 (Groundball, 6)
|
Batting: RHB Kauna Aleferede
|
0-0: Swinging Strike 0-1: Ground out 6-3 (Groundball, 6)
|
Bottom of the 9th over - 0 runs, 0 hits, 0 errors, 0 left on base; South Beach 12 - Gwinnett County 5 |
|